3L
SEATTLE ROCKETEERS @ ATHLETIC CLUB KC
10/08/2042
 
TOP OF THE 1ST
Seattle Rocketeers batting - Pitching for Athletic Club KC : RHP Steve Gourin
Pitching: RHP Steve Gourin
Batting: SHB Lodd Felton 0-0: Ball
1-0: Swinging Strike
1-1: Foul Ball, location: 2F
1-2: Strikes out swinging
Batting: RHB Jur Prokop 0-0: Ball
1-0: Ball
2-0: Foul Ball, location: 2F
2-1: Called Strike
2-2: Strikes out swinging
Batting: RHB Gah-fat Liu 0-0: Ball
1-0: Ground out 6-3 (Groundball, 6, EV 90.6 MPH)
Top of the 1st over - 0 runs, 0 hits, 0 errors, 0 left on base; Seattle 0 - Athletic Club KC 0
BOTTOM OF THE 1ST
Athletic Club KC batting - Pitching for Seattle Rocketeers : LHP Andy Williams
Pitching: LHP Andy Williams
Batting: RHB Ali Ben Bongo 0-0: SINGLE (Groundball, 4D, EV 95.6 MPH)
Batting: RHB James Hemwick 0-0: Ball
1-0: Ball
2-0: Foul Ball, location: 2F
2-1: Fly out, F9 (Line Drive, 9, EV 94.4 MPH)
Batting: RHB Jimbob Ghostkeeper 0-0: Ball
1-0: Ball
2-0: Called Strike
2-1: Grounds into double play, 4-6-3 (Groundball, 4, EV 78.1 MPH)
Bottom of the 1st over - 0 runs, 1 hit, 0 errors, 0 left on base; Seattle 0 - Athletic Club KC 0
TOP OF THE 2ND
Seattle Rocketeers batting - Pitching for Athletic Club KC : RHP Steve Gourin
Batting: RHB Jason Slaybaugh 0-0: Called Strike
0-1: Ball
1-1: Swinging Strike
1-2: Fly out, F4 (Popup, 34S, EV 69.4 MPH)
Batting: LHB Manoo Satyavrat 0-0: Fly out, F4 (Line Drive, 4, EV 75.0 MPH)
Batting: RHB Alain Grosjean 0-0: Foul Ball, location: 2F
0-1: Ball
1-1: Swinging Strike
1-2: Fly out, F7 (Flyball, 7D, EV 77.5 MPH)
Top of the 2nd over - 0 runs, 0 hits, 0 errors, 0 left on base; Seattle 0 - Athletic Club KC 0
BOTTOM OF THE 2ND
Athletic Club KC batting - Pitching for Seattle Rocketeers : LHP Andy Williams
Batting: SHB Mike Ríos 0-0: Ball
1-0: Swinging Strike
1-1: Called Strike
1-2: Ball
2-2: Foul Ball, location: 2F
2-2: Ball
3-2: Strikes out looking
Batting: RHB Karel van Capelle 0-0: Called Strike
0-1: Ball
1-1: Foul Ball, location: 2F
1-2: Ball
2-2: Ball
3-2: Foul Ball, location: 2F
3-2: Base on Balls
Batting: RHB Luis Tañón 0-0: Ball
Karel van Capelle steals 2nd base (no throw)
1-0: Ball
2-0: Foul Ball, location: 2F
2-1: Ball
3-1: Foul Ball, location: 2F
3-2: Foul Ball, location: 2F
3-2: Fly out, F9 (Flyball, 9S, EV 89.4 MPH)
Batting: RHB Scott Dourque 0-0: Swinging Strike
0-1: Swinging Strike
0-2: Ball
1-2: Ball
2-2: Ball
3-2: SINGLE (Line Drive, 56D, EV 100.6 MPH)
Karel van Capelle to third
Karel van Capelle scores
Batting: RHB Gerold Olthof 0-0: Called Strike
0-1: Ball
1-1: Called Strike
1-2: Ball
Scott Dourque steals 2nd base (no throw)
2-2: Ball
3-2: Base on Balls
Batting: LHB Cisco Hernández 0-0: Foul Ball, location: 2F
0-1: Ball
1-1: DOUBLE (Line Drive, 78D, EV 103.8 MPH)
Scott Dourque scores
Gerold Olthof to third
Runner from 3rd tries for Home, SAFE, throw by CF to home
Batting: RHB Ali Ben Bongo 0-0: SINGLE (Flyball, 3D, EV 96.2 MPH)
Cisco Hernández to third
Runner from 3rd tries for Home, SAFE, throw by RF to home
Ali Ben Bongo to second
Batting: RHB James Hemwick 0-0: Ball
1-0: Ball
2-0: SINGLE (Line Drive, 4D, EV 100.0 MPH)
Ali Ben Bongo to third
Runner from 3rd tries for Home, SAFE, throw by RF to home
Pitching: RHP Min-chor Chon
Batting: RHB Jimbob Ghostkeeper 0-0: Ball
1-0: Called Strike
1-1: Swinging Strike
1-2: Fielders Choice at 2nd, 6-4 (Groundball, 56, EV 101.2 MPH)
Bottom of the 2nd over - 5 runs, 4 hits, 0 errors, 1 left on base; Seattle 0 - Athletic Club KC 5
TOP OF THE 3RD
Seattle Rocketeers batting - Pitching for Athletic Club KC : RHP Steve Gourin
Batting: RHB Axel Ruschmeyer 0-0: Ball
1-0: Ball
2-0: Called Strike
2-1: Fly out, F8 (Flyball, 8LXD, EV 97.5 MPH)
Batting: RHB Dana O'Quinlevan 0-0: Ball
1-0: Ball
2-0: Called Strike
2-1: Called Strike
2-2: Fly out, F9 (Flyball, 9S, EV 70.6 MPH)
Batting: RHB Yakamochi Ota 0-0: Foul Ball, location: 2F
0-1: Foul Ball, location: 2F
0-2: Fly out, F8 (Line Drive, 8RD, EV 84.4 MPH)
Top of the 3rd over - 0 runs, 0 hits, 0 errors, 0 left on base; Seattle 0 - Athletic Club KC 5
BOTTOM OF THE 3RD
Athletic Club KC batting - Pitching for Seattle Rocketeers : RHP Min-chor Chon
Batting: SHB Mike Ríos 0-0: Swinging Strike
0-1: Ball
1-1: Swinging Strike
1-2: Ball
2-2: Foul Ball, location: 2F
2-2: Foul Ball, location: 2F
2-2: SOLO HOME RUN (Flyball, 9D, EV 90.0 MPH), Distance : 386 ft
Batting: RHB Karel van Capelle 0-0: Called Strike
0-1: Foul Ball, location: 2F
0-2: Foul Ball, location: 2F
0-2: Ball
1-2: Ball
2-2: Strikes out looking
Batting: RHB Luis Tañón 0-0: Ball
1-0: Ball
2-0: SINGLE (Groundball, 6MD, EV 94.4 MPH)
Batting: RHB Scott Dourque 0-0: SINGLE (Groundball, 6D, EV 106.2 MPH)
Luis Tañón to second
Runner from 2nd tries for 3rd, OUT! 8-5
Batting: RHB Gerold Olthof 0-0: Ball
1-0: Called Strike
1-1: Called Strike
1-2: Strikes out swinging
Bottom of the 3rd over - 1 run, 3 hits, 0 errors, 1 left on base; Seattle 0 - Athletic Club KC 6
TOP OF THE 4TH
Seattle Rocketeers batting - Pitching for Athletic Club KC : RHP Steve Gourin
Batting: SHB Lodd Felton 0-0: Called Strike
0-1: Ball
1-1: Ball
2-1: Foul Ball, location: 2F
2-2: Foul Ball, location: 2F
2-2: Foul Ball, location: 2F
2-2: Ball
3-2: DOUBLE (Line Drive, 7LM, EV 92.5 MPH)
Batting: RHB Jur Prokop 0-0: Ball
1-0: Ball
2-0: Ball
3-0: Base on Balls
Batting: RHB Gah-fat Liu 0-0: Ball
Lodd Felton steals 3rd base
Jur Prokop to second
1-0: Called Strike
1-1: Called Strike
1-2: Ball
2-2: Strikes out swinging
Batting: RHB Jason Slaybaugh 0-0: Called Strike
0-1: Ball
1-1: Foul Ball, location: 2F
1-2: Ground out 6-3 (Groundball, 6, EV 82.5 MPH)
Lodd Felton scores
Jur Prokop to third
Batting: LHB Manoo Satyavrat 0-0: Ball
1-0: Foul Ball, location: 2F
1-1: Ground out U3 (Groundball, 3, EV 81.2 MPH)
Top of the 4th over - 1 run, 1 hit, 0 errors, 1 left on base; Seattle 1 - Athletic Club KC 6
BOTTOM OF THE 4TH
Athletic Club KC batting - Pitching for Seattle Rocketeers : RHP Min-chor Chon
Batting: LHB Cisco Hernández 0-0: Ball
1-0: Foul Ball, location: 2F
1-1: Ball
2-1: Ball
3-1: Fly out, F8 (Line Drive, 8RM, EV 96.2 MPH)
Batting: RHB Ali Ben Bongo 0-0: Swinging Strike
0-1: Ball
1-1: Ball
2-1: Ball
3-1: SINGLE (Line Drive, 7LS, EV 92.5 MPH)
Batting: RHB James Hemwick 0-0: Ball
1-0: Grounds into double play, 4-6-3 (Groundball, 34, EV 103.1 MPH)
Bottom of the 4th over - 0 runs, 1 hit, 0 errors, 0 left on base; Seattle 1 - Athletic Club KC 6
TOP OF THE 5TH
Seattle Rocketeers batting - Pitching for Athletic Club KC : RHP Steve Gourin
Batting: RHB Alain Grosjean 0-0: Fly out, F9 (Line Drive, 9, EV 91.9 MPH)
Batting: RHB Axel Ruschmeyer 0-0: Ball
1-0: DOUBLE (Line Drive, 8LXD, EV 106.2 MPH)
Batting: RHB Dana O'Quinlevan 0-0: Swinging Strike
0-1: Foul Ball, location: 2F
0-2: Ball
1-2: 2-RUN HOME RUN (Flyball, 8LXD, EV 107.5 MPH), Distance : 438 ft
Batting: RHB Yakamochi Ota 0-0: Ball
1-0: Called Strike
1-1: Ball
2-1: Ball
3-1: Foul Ball, location: 2F
3-2: Base on Balls
Batting: SHB Lodd Felton 0-0: Called Strike
0-1: Foul Ball, location: 2F
0-2: Foul Ball, location: 2F
0-2: Ground out U3 (Groundball, 3, EV 83.1 MPH)
Yakamochi Ota to second
Batting: RHB Jur Prokop 0-0: Ground out 6-3 (Groundball, 6, EV 82.5 MPH)
Top of the 5th over - 2 runs, 2 hits, 0 errors, 1 left on base; Seattle 3 - Athletic Club KC 6
BOTTOM OF THE 5TH
Athletic Club KC batting - Pitching for Seattle Rocketeers : RHP Min-chor Chon
Batting: RHB Jimbob Ghostkeeper 0-0: Called Strike
0-1: Called Strike
0-2: Strikes out looking
Batting: SHB Mike Ríos 0-0: Ground out 3-1 (Groundball, 34S, EV 83.8 MPH)
Batting: RHB Karel van Capelle 0-0: Foul Ball, location: 2F
0-1: Swinging Strike
0-2: SINGLE (Groundball, 56, EV 100.0 MPH) (infield hit)
Batting: RHB Luis Tañón 0-0: Called Strike
Karel van Capelle steals 2nd base
0-1: Ball
1-1: Foul Ball, location: 2F
1-2: Strikes out swinging
Bottom of the 5th over - 0 runs, 1 hit, 0 errors, 1 left on base; Seattle 3 - Athletic Club KC 6
TOP OF THE 6TH
Seattle Rocketeers batting - Pitching for Athletic Club KC : RHP Steve Gourin
Batting: RHB Gah-fat Liu 0-0: Swinging Strike
0-1: Swinging Strike
0-2: Strikes out swinging
Batting: RHB Jason Slaybaugh 0-0: Ball
1-0: Foul Ball, location: 2F
1-1: Ground out 6-3 (Groundball, 6, EV 86.2 MPH)
Batting: LHB Manoo Satyavrat 0-0: Called Strike
0-1: Called Strike
0-2: Strikes out swinging
Top of the 6th over - 0 runs, 0 hits, 0 errors, 0 left on base; Seattle 3 - Athletic Club KC 6
BOTTOM OF THE 6TH
Athletic Club KC batting - Pitching for Seattle Rocketeers : RHP Min-chor Chon
Batting: RHB Scott Dourque 0-0: Ball
1-0: Ball
2-0: Ball
3-0: Called Strike
3-1: Called Strike
3-2: Foul Ball, location: 2F
3-2: Fly out, F7 (Flyball, 7S, EV 89.4 MPH)
Pitching: LHP Jeffery Clayton
Batting: RHB Gerold Olthof 0-0: Called Strike
0-1: Fly out, F8 (Line Drive, 8RD, EV 86.2 MPH)
Batting: LHB Cisco Hernández 0-0: Ball
1-0: Ball
2-0: SINGLE (Line Drive, 8LS, EV 112.5 MPH)
Batting: RHB Ali Ben Bongo 0-0: Swinging Strike
0-1: SINGLE (Line Drive, 8RS, EV 101.9 MPH)
Cisco Hernández to second
Runner from 2nd tries for 3rd, SAFE, no throw by CF
Batting: RHB James Hemwick 0-0: Foul Ball, location: 2F
0-1: Ball
1-1: Foul Ball, location: 2F
1-2: Ball
2-2: Ball
3-2: SINGLE (Line Drive, 89S, EV 95.6 MPH)
Cisco Hernández scores
Ali Ben Bongo to second
Ali Ben Bongo to third
Batting: RHB Jimbob Ghostkeeper 0-0: Called Strike
0-1: Foul Ball, location: 2F
0-2: Ground out U3 (Groundball, 3L, EV 85.6 MPH)
Bottom of the 6th over - 1 run, 3 hits, 0 errors, 2 left on base; Seattle 3 - Athletic Club KC 7
TOP OF THE 7TH
Seattle Rocketeers batting - Pitching for Athletic Club KC : RHP Steve Gourin
Batting: RHB Alain Grosjean 0-0: Called Strike
0-1: Ball
1-1: Fly out, F6 (Flyball, 56D, EV 76.2 MPH)
Batting: RHB Axel Ruschmeyer 0-0: Ball
1-0: Ball
2-0: Ball
3-0: Base on Balls
Batting: RHB Dana O'Quinlevan 0-0: Fly out, F7 (Flyball, 7LS, EV 83.8 MPH)
Batting: RHB Yakamochi Ota 0-0: Called Strike
0-1: Swinging Strike
Pickoff Throw to First - Out! 1-3
Top of the 7th over - 0 runs, 0 hits, 0 errors, 0 left on base; Seattle 3 - Athletic Club KC 7
BOTTOM OF THE 7TH
Athletic Club KC batting - Pitching for Seattle Rocketeers : LHP Jeffery Clayton
Batting: SHB Mike Ríos 0-0: Ball
1-0: Called Strike
1-1: Called Strike
1-2: Ball
2-2: Ball
3-2: Strikes out swinging
Batting: RHB Karel van Capelle 0-0: Ball
1-0: Ball
2-0: SINGLE (Groundball, 34D, EV 99.4 MPH)
Batting: RHB Luis Tañón 0-0: Ball
Karel van Capelle is caught stealing 2nd base 2-4
1-0: Foul Ball, location: 2F
1-1: Ball
2-1: Fly out, F9 (Flyball, 9, EV 87.5 MPH)
Bottom of the 7th over - 0 runs, 1 hit, 0 errors, 0 left on base; Seattle 3 - Athletic Club KC 7
TOP OF THE 8TH
Seattle Rocketeers batting - Pitching for Athletic Club KC : RHP Steve Gourin
Batting: RHB Yakamochi Ota 0-0: Swinging Strike
0-1: Ball
1-1: Ball
2-1: Called Strike
2-2: DOUBLE (Flyball, 89D, EV 105.6 MPH)
Pitching: RHP Dan Smith
Batting: SHB Lodd Felton 0-0: Foul Ball, location: 2F
0-1: Foul Ball, location: 2F
0-2: Ball
Wild Pitch!
Yakamochi Ota to third
1-2: Strikes out swinging
Batting: RHB Jur Prokop 0-0: Ball
1-0: Ball
2-0: Called Strike
2-1: Swinging Strike
2-2: Ball
3-2: Fly out, F8 (Flyball, 89M, EV 85.0 MPH)
Batting: RHB Gah-fat Liu 0-0: Ball
1-0: Ball
2-0: 2-RUN HOME RUN (Flyball, 7D, EV 98.8 MPH), Distance : 369 ft
Pitching: RHP Butch Cummings
Batting: RHB Jason Slaybaugh 0-0: Ball
1-0: Called Strike
1-1: SINGLE (Groundball, 13S, EV 71.2 MPH) (infield hit)
Batting: LHB Manoo Satyavrat 0-0: Called Strike
0-1: Ball
1-1: Ball
2-1: Called Strike
2-2: Strikes out swinging
Top of the 8th over - 2 runs, 3 hits, 0 errors, 1 left on base; Seattle 5 - Athletic Club KC 7
BOTTOM OF THE 8TH
Athletic Club KC batting - Pitching for Seattle Rocketeers : LHP Jeffery Clayton
Batting: RHB Scott Dourque 0-0: Swinging Strike
0-1: Swinging Strike
0-2: Ball
1-2: Ball
2-2: Foul Ball, location: 2F
2-2: Strikes out swinging
Batting: RHB Gerold Olthof 0-0: Foul Ball, location: 2F
0-1: Ball
1-1: Foul Ball, location: 2F
1-2: Ball
2-2: Foul Ball, location: 2F
2-2: Ball
3-2: Foul Ball, location: 2F
3-2: SINGLE (Groundball, 34D, EV 100.0 MPH)
Pitching: RHP Eugenio Piñeiro
Batting: LHB Cisco Hernández 0-0: Called Strike
0-1: Fielders Choice at 2nd, 6-4 (Groundball, 6, EV 100.0 MPH)
Batting: RHB Ali Ben Bongo 0-0: Fly out, F4 (Popup, 4, EV 68.1 MPH)
Bottom of the 8th over - 0 runs, 1 hit, 0 errors, 1 left on base; Seattle 5 - Athletic Club KC 7
TOP OF THE 9TH
Seattle Rocketeers batting - Pitching for Athletic Club KC : RHP Butch Cummings
Batting: RHB Alain Grosjean 0-0: Called Strike
0-1: Ball
1-1: SINGLE (Line Drive, 8RS, EV 105.6 MPH)
Batting: RHB Axel Ruschmeyer 0-0: Called Strike
0-1: Ball
1-1: Ball
2-1: Fielders Choice at 2nd, 6-4 (Groundball, 6, EV 105.0 MPH)
Batting: RHB Dana O'Quinlevan 0-0: Called Strike
0-1: Ball
1-1: Called Strike
1-2: Foul Ball, location: 2F
1-2: Fly out, F9 (Line Drive, 9, EV 86.2 MPH)
Pinch Hitting: RHB Mathew Mayo 0-0: Called Strike
0-1: SINGLE (Line Drive, 9S, EV 89.4 MPH)
Axel Ruschmeyer to second
Batting: SHB Lodd Felton 0-0: Ball
1-0: Called Strike
1-1: SINGLE (Groundball, 4D, EV 97.5 MPH)
Axel Ruschmeyer to third
Mathew Mayo to second
Pitching: LHP Indigo Diaz
Batting: RHB Jur Prokop 0-0: Called Strike
0-1: Swinging Strike
0-2: Ball
1-2: Strikes out swinging
Top of the 9th over - 0 runs, 3 hits, 0 errors, 3 left on base; Seattle 5 - Athletic Club KC 7
Friday, March 26th, 2021 - OOTP Baseball 20.8 Build 74